 Dungeon Crawl Stone Soup version 0.31-a0-152-g6aa68a64a1 (webtiles) character file.

Game seed: 8743706398817645597

54327 qw the Marksminotaur (level 14, -6/129 HPs)
             Began as a Minotaur Hunter on June 9, 2023.
             Was an Elder of Okawaru.
             Mangled by an elephant (7 damage)
             ... on level 5 of the Lair of Beasts.
             The game lasted 00:05:39 (13035 turns).

qw the Marksminotaur (Minotaur Hunter)             Turns: 13035, Time: 00:05:39

Health: -6/129     AC: 14    Str: 17    XL:     14   Next: 34%
Magic:  19/20      EV: 24    Int:  6    God:    Okawaru [****..]
Gold:   435        SH:  5    Dex: 24    Spells: 13/13 levels left

rFire   + . .        Y - +1 arbalest (drain)
rCold   . . .        (shield currently unavailable)
rNeg    . . .        f - +3 ring mail {rF+}
rPois   .            (helmet restricted)
rElec   .            l - +2 cloak
rCorr   .            (no gloves)
SInv    +            (no boots)
Will    +....        e - amulet of reflection
Stlth   +++          d - +6 ring of dexterity
HPRegen 0.41/turn    c - ring of see invisible
MPRegen 0.17/turn

%: reflection
@: about to teleport, heroic
A: horns 2, retaliatory headbutt
a: Renounce Religion, Heroism, Finesse


You were on level 5 of the Lair of Beasts.
You worshipped Okawaru.
Okawaru was greatly pleased with you.
You visited 3 branches of the dungeon, and saw 16 of its levels.
You also visited: Sewer and Ossuary.

You collected 783 gold pieces.
You spent 348 gold pieces at shops.


Innate Abilities, Weirdness & Mutations

You have a pair of horns on your head.
You reflexively headbutt those who attack you in melee.


   Skills:
 + Level 13.1(18.1) Fighting
 - Level 18.0(23.0) Ranged Weapons
 - Level 6.0(11.0) Armour
 - Level 11.0(16.0) Dodging
 - Level 0.7(5.7) Stealth
 - Level 10.3 Invocations


You had 13 spell levels left.
You didn't know any spells.
Your spell library was empty.

Inventory:

Hand Weapons
 Y - a +1 arbalest of draining (weapon)
Armour
 f - a +3 ring mail of fire resistance (worn)
 l - a +2 cloak (worn)
Jewellery
 a - a ring of protection from cold
 c - a ring of see invisible (right hand)
 d - a +6 ring of dexterity (left hand)
 e - an amulet of reflection (around neck)
 j - a +6 ring of strength
 p - a ring of fire
Scrolls
 b - a scroll of identify
 h - 2 scrolls of enchant armour
 q - 4 scrolls of teleportation
Potions
 g - 6 potions of curing
 i - 2 potions of magic
 k - a potion of cancellation
 m - 2 potions of haste
 n - 2 potions of resistance
 o - a potion of mutation
 r - a potion of might

Dungeon Overview and Level Annotations

Branches:
Dungeon (10/15)            Temple (1/1) D:4            Lair (5/5) D:9
 Shoals (0/4) Lair:2       Spider (0/4) Lair:3        Sewer (visited)
Ossuary (visited)
  Slime: Lair:4-5       Orc: D:9-12

Altars:
Ashenzari
Cheibriados
Dithmenos
Elyvilon
Fedhas
Hepliaklqana
Kikubaaqudgha
Makhleb
Nemelex Xobeh
Okawaru
Qazlal
Ru
Sif Muna
Trog
Uskayaw
Vehumet
Wu Jian
Xom
Yredelemnul
Zin
The Shining One

Shops:
D:7 =   D:8 *

Annotations:
Lair:3 1 runed translucent door, qw's ghost, journeyman MiHu


Message History

The elephant completely misses you. You furiously retaliate!
You headbutt the elephant. The elephant trunk-slaps you.
The elephant barely misses you. The elephant completely misses you.
The elephant tramples you!
You stumble backwards!
Your base Dodging skill increases to level 11!
Enter note: You shoot a bolt.
The bolt hits the elephant.
The elephant is moderately wounded.
The skyshark completely misses you. The skyshark misses you.
The skyshark tail-slaps you. The elephant misses you. x2
The elephant completely misses you. The elephant barely misses you.
You block the skyshark's attack.
The skyshark tail-slaps you but does no damage.
The skyshark closely misses you.
13033 ||| READING 5 scrolls of teleportation.
As you read the scroll of teleportation, it crumbles to dust.
You feel strangely unstable. The skyshark barely misses you.
The skyshark tail-slaps you but does no damage.
The skyshark tail-slaps you! The elephant barely misses you.
The elephant closely misses you.
The elephant tramples you but does no damage.
You block the elephant's attack. The elephant misses you.
You furiously retaliate!
You headbutt the elephant.
The elephant trunk-slaps you but does no damage.
You shoot a bolt. The bolt hits the elephant!
The elephant is heavily wounded.
The skyshark completely misses you. You block the skyshark's attack.
The skyshark closely misses you. The elephant misses you. x2
The elephant completely misses you. x2
The elephant tramples you but does no damage.
You block the elephant's attack. The skyshark bites you.
The skyshark barely misses you. The skyshark completely misses you.
You shoot a bolt. The bolt hits the elephant!
The elephant is heavily wounded.
The skyshark bites you!! The skyshark completely misses you.
The skyshark closely misses you. The elephant completely misses you.
The elephant misses you. The elephant completely misses you. x2
The elephant tramples you!
You die...

##..P.#....
#######..........
#.#..###.........
####..............# .#
#.P.....#....##.... ....
.......#.....##.. . ....#
###.#...F%.#.P...
..#.##......YYl....... #
.#.#.........@Y..#....P
#.#..........P.##......##
#.....#.#...P.###.#...P.#
.P ##.##.#............
#.##..#..........<...
##.#.P.........#..#.....
...........#...#####...
.......#...#####
......####....##


You could see a skyshark (berserk), 3 elephants and a cane toad.

Vanquished Creatures
  3 hydras
  A catoblepas (Lair:3)
  4 death yaks
  A skyshark (Lair:2)
  A pharaoh ant (Lair:3)
  4 oklob plants
  12 elephants
  Maurice (D:9)
  3 black mambas
  A cane toad (Lair:2)
  Maggie (D:9)
  11 komodo dragons
  6 rime drakes
  2 tarantellas (Lair:3)
  5 polar bears
  A snapping turtle (Lair:2)
  15 blink frogs
  7 wyverns
  2 wraiths
  2 basilisks
  A redback (Lair:3)
  43 yaks
  2 steam dragons (D:6)
  17 water moccasins
  Duvessa (D:7)
  A floating eye (Lair:2)
  An ice beast (D:7)
  2 orc warriors
  A sky beast (D:8)
  20 black bears
  3 centaurs
  An ogre (D:4)
  2 phantoms
  6 kobold brigands
  14 bullfrogs
  2 scorpions
  A gnoll sergeant (D:9)
  6 wights
  Dowan (D:7)
  5 killer bees (D:8)
  3 electric eels
  A crimson imp (D:3)
  A bullfrog zombie (D:4)
  2 jellies
  2 hounds
  A human zombie (Ossuary)
  3 orc priests
  2 gnoll boudas
  2 iguanas
  Ijyb (D:3)
  2 sleepcaps
  Natasha (D:4)
  6 orc wizards
  2 hound skeletons (D:4)
  4 mummies (Ossuary)
  5 adders
  12 gnolls
  4 river rats
  A shadow imp (D:4)
  2 white imps
  An ufetubus (D:5)
  2 adder skeletons (D:4)
  4 worms
  A dart slug (D:1)
  An adder simulacrum (D:4)
  19 orcs
  6 ball pythons
  5 bats
  10 endoplasms
  5 giant cockroaches
  2 gnoll zombies (Ossuary)
  7 goblins
  7 hobgoblins
  5 jackals
  18 kobolds
  3 quokkas
  2 frilled lizards
  A goblin skeleton (D:3)
  4 goblin zombies
  3 hobgoblin zombies
  An orc skeleton (D:3)
  5 orc zombies
  13 rats
395 creatures vanquished.

Notes
Turn   | Place    | Note
-------+----------+-------------------------------------------
     0 | D:1      | qw the Minotaur Hunter began the quest for the Orb.
     0 | D:1      | Reached XP level 1. HP: 18/18 MP: 0/0
     0 | D:1      | 0 ||| qw: Version: 0.2-a-122-gbc61b45
     0 | D:1      | 0 ||| qw: Game counter: 3429
     0 | D:1      | 0 ||| qw: Always use a shield: true
     0 | D:1      | 0 ||| qw: God list: Okawaru
     0 | D:1      | 0 ||| qw: Allow faded altars: false
     0 | D:1      | 0 ||| qw: Do Orc after D:15 true
     0 | D:1      | 0 ||| qw: Do second Lair branch before Depths: true
     0 | D:1      | 0 ||| qw: Lair rune preference: random
     0 | D:1      | 0 ||| qw: Plans: Normal
     0 | D:1      | 0 ||| PLANNING D:1-11
    35 | D:1      | 35 ||| FLEEEEING.
    36 | D:1      | 36 ||| FLEEEEING.
    37 | D:1      | 37 ||| FLEEEEING.
    38 | D:1      | 38 ||| FLEEEEING.
    42 | D:1      | 42 ||| FLEEEEING.
    43 | D:1      | 43 ||| FLEEEEING.
    44 | D:1      | 44 ||| FLEEEEING.
    51 | D:1      | Reached XP level 2. HP: 22/25 MP: 1/1
    54 | D:1      | Reached skill level 5 in Ranged Weapons
   183 | D:1      | Reached skill level 3 in Fighting
   192 | D:1      | Found a faded altar of an unknown god.
   456 | D:1      | Reached XP level 3. HP: 23/31 MP: 2/2
   904 | D:1      | 904 ||| UPGRADING to amulet of reflection.
   909 | D:1      | 909 ||| UPGRADING to +6 ring of dexterity.
   910 | D:1      | 910 ||| UPGRADING to ring of protection from cold.
   911 | D:1      | 911 ||| READING scroll labelled XERAUM BAPUORR.
   912 | D:1      | 912 ||| READING scroll labelled MEHAARRIDGH.
   915 | D:1      | 915 ||| READING scroll labelled UFIPPI VULI.
   916 | D:1      | 916 ||| DROPPING scroll of butterflies.
  1099 | D:2      | 1099 ||| SWAPPING to +0 arbalest.
  1100 | D:2      | 1100 ||| DROPPING +0 shortbow.
  1276 | D:2      | Reached XP level 4. HP: 34/38 MP: 3/3
  1300 | D:2      | Reached skill level 6 in Ranged Weapons
  1528 | D:2      | 1528 ||| UPGRADING to +0 ring mail.
  1538 | D:2      | 1538 ||| DROPPING +0 leather armour.
  1539 | D:2      | 1539 ||| READING scroll labelled LIULIF ICETE.
  1540 | D:2      | 1540 ||| READING scroll labelled FAYTAN WIAJYICS.
  1541 | D:2      | 1541 ||| DRINKING 2 bubbling sapphire potions.
  1543 | D:2      | 1543 ||| Stepping ~*~*~tactically~*~*~ (cloud).
  1695 | D:3      | Noticed Ijyb
  1697 | D:3      | 1697 ||| FLEEEEING.
  1698 | D:3      | 1698 ||| FLEEEEING.
  1699 | D:3      | 1699 ||| FLEEEEING.
  1700 | D:3      | 1700 ||| FLEEEEING.
  1701 | D:3      | 1701 ||| FLEEEEING.
  1702 | D:3      | 1702 ||| FLEEEEING.
  1706 | D:3      | 1706 ||| FLEEEEING.
  1707 | D:3      | 1707 ||| FLEEEEING.
  1708 | D:3      | 1708 ||| FLEEEEING.
  1712 | D:3      | 1712 ||| FLEEEEING.
  1713 | D:3      | 1713 ||| FLEEEEING.
  1714 | D:3      | 1714 ||| FLEEEEING.
  1715 | D:3      | 1715 ||| FLEEEEING.
  1716 | D:3      | 1716 ||| FLEEEEING.
  1717 | D:3      | 1717 ||| FLEEEEING.
  1718 | D:3      | 1718 ||| STAIRDANCE
  1797 | D:3      | Killed Ijyb
  1798 | D:3      | Reached skill level 1 in Armour
  1810 | D:3      | Found a glowing golden altar of the Shining One.
  1828 | D:3      | Reached XP level 5. HP: 46/46 MP: 4/4
  2359 | D:3      | 2359 ||| UPGRADING to +0 cloak.
  2364 | D:3      | 2364 ||| READING scroll labelled IPEPOI PODYATI.
  2365 | D:3      | 2365 ||| READING scroll labelled UGEIWK FOUWIU.
  2366 | D:3      | 2366 ||| READING scroll labelled SORREA FIPROFI.
  2367 | D:3      | 2367 ||| DRINKING 2 puce potions.
  2368 | D:3      | 2368 ||| DRINKING 2 fizzy grey potions.
  2369 | D:3      | 2369 ||| DRINKING 2 fizzy brown potions.
  2370 | D:3      | 2370 ||| DROPPING potion of brilliance.
  2371 | D:3      | 2371 ||| DROPPING potion of magic.
  2394 | D:4      | 2394 ||| PLANNING OSSUARY
  2422 | D:4      | Found a glowing drain.
  2472 | D:4      | Found a sacrificial altar of Ru.
  2501 | D:4      | Found a staircase to the Ecumenical Temple.
  2572 | D:4      | Found a shadowy altar of Dithmenos.
  2572 | D:4      | Found a burning altar of Makhleb.
  2584 | D:4      | Found a sand-covered staircase.
  2585 | D:4      | 2585 ||| UPGRADING to ring of see invisible.
  2587 | D:4      | 2587 ||| DROPPING ring of magical power.
  2588 | D:4      | 2588 ||| DRINKING 2 grey potions.
  2597 | Ossuary  | Entered an ossuary
  2613 | Ossuary  | 2613 ||| FLEEEEING.
  2614 | Ossuary  | 2614 ||| FLEEEEING.
  2615 | Ossuary  | 2615 ||| FLEEEEING.
  2616 | Ossuary  | 2616 ||| FLEEEEING.
  2617 | Ossuary  | 2617 ||| FLEEEEING.
  2618 | Ossuary  | 2618 ||| FLEEEEING.
  2619 | Ossuary  | 2619 ||| FLEEEEING.
  2620 | Ossuary  | 2620 ||| FLEEEEING.
  2685 | Ossuary  | Reached skill level 7 in Ranged Weapons
  2685 | Ossuary  | Reached XP level 6. HP: 44/52 MP: 5/5
  2797 | Ossuary  | 2797 ||| DRINKING 3 murky grey potions.
  2798 | Ossuary  | 2798 ||| DRINKING 2 silvery potions.
  2799 | Ossuary  | 2799 ||| DRINKING 2 bubbling black potions.
  2800 | Ossuary  | 2800 ||| READING 2 scrolls of identify.
  2800 | Ossuary  | 2800 ||| IDENTIFYING red potion
  2801 | Ossuary  | 2801 ||| DROPPING potion of lignification.
  2802 | Ossuary  | 2802 ||| DROPPING 2 potions of enlightenment.
  2803 | Ossuary  | 2803 ||| DROPPING potion of invisibility.
  2821 | D:4      | 2821 ||| PLANNING SEWER
  2848 | Sewer    | Entered a sewer
  2861 | Sewer    | 2861 ||| Stepping ~*~*~tactically~*~*~ (water).
  2863 | Sewer    | 2863 ||| Stepping ~*~*~tactically~*~*~ (water).
  2891 | Sewer    | 2891 ||| Stepping ~*~*~tactically~*~*~ (water).
  2893 | Sewer    | 2893 ||| Stepping ~*~*~tactically~*~*~ (water).
  2906 | Sewer    | 2906 ||| Stepping ~*~*~tactically~*~*~ (water).
  2908 | Sewer    | 2908 ||| Stepping ~*~*~tactically~*~*~ (water).
  2910 | Sewer    | 2910 ||| Stepping ~*~*~tactically~*~*~ (water).
  2934 | Sewer    | 2934 ||| Stepping ~*~*~tactically~*~*~ (water).
  2936 | Sewer    | 2936 ||| Stepping ~*~*~tactically~*~*~ (water).
  2938 | Sewer    | 2938 ||| Stepping ~*~*~tactically~*~*~ (water).
  2940 | Sewer    | 2940 ||| Stepping ~*~*~tactically~*~*~ (water).
  2942 | Sewer    | 2942 ||| Stepping ~*~*~tactically~*~*~ (water).
  2949 | Sewer    | 2949 ||| Stepping ~*~*~tactically~*~*~ (water).
  2978 | Sewer    | HP: 11/52 [poisoned by a kobold brigand]
  2979 | Sewer    | 2979 ||| READING 2 scrolls of teleportation.
  2980 | Sewer    | 2980 ||| DRINKING 2 potions of heal wounds.
  3106 | Sewer    | 3106 ||| Stepping ~*~*~tactically~*~*~ (water).
  3113 | Sewer    | Reached skill level 3 in Dodging
  3227 | Sewer    | Reached skill level 8 in Ranged Weapons
  3379 | Sewer    | Reached XP level 7. HP: 40/60 MP: 6/6
  3482 | Sewer    | 3482 ||| READING scroll labelled WEIHUGREYHIR.
  3483 | Sewer    | 3483 ||| READING scroll labelled BEOTUU YWINAO.
  3484 | Sewer    | 3484 ||| DRINKING 2 dark potions.
  3485 | Sewer    | 3485 ||| DRINKING 2 fuming black potions.
  3486 | Sewer    | 3486 ||| READING 2 scrolls of identify.
  3486 | Sewer    | 3486 ||| IDENTIFYING fizzy dark potion
  3514 | D:4      | 3514 ||| PLANNING TEMPLE
  3869 | D:4      | Noticed Natasha
  3873 | D:4      | 3873 ||| Stepping ~*~*~tactically~*~*~ (outnumbered).
  3875 | D:4      | 3875 ||| Stepping ~*~*~tactically~*~*~ (outnumbered).
  3877 | D:4      | Killed Natasha
  3878 | D:4      | 3878 ||| Stepping ~*~*~tactically~*~*~ (outnumbered).
  3941 | D:4      | Identified the +8 dagger "Erchaukhlo" {pain, rC+ rN++
                  | Str-2}
  3989 | D:4      | 3989 ||| DRINKING 2 golden potions.
  3990 | D:4      | 3990 ||| DRINKING 4 potions of curing.
  3990 | D:4      | 3990 ||| (to cure confusion)
  3991 | D:4      | 3991 ||| DROPPING potion of ambrosia.
  4008 | D:5      | Entered Level 5 of the Dungeon
  4054 | D:5      | Noticed a yak
  4056 | D:5      | Noticed a yak
  4056 | D:5      | Noticed a yak
  4058 | D:5      | Noticed a yak
  4059 | D:5      | Killed a yak
  4060 | D:5      | Reached skill level 9 in Ranged Weapons
  4062 | D:5      | Killed a yak
  4063 | D:5      | Reached XP level 8. HP: 56/69 MP: 7/7
  4066 | D:5      | Reached skill level 6 in Fighting
  4231 | D:5      | Reached skill level 10 in Ranged Weapons
  4293 | D:5      | 4293 ||| Stepping ~*~*~tactically~*~*~ (outnumbered).
  4493 | D:5      | Identified the +5 mace "Myco" {protect, rF+ Str+3}
  4511 | D:5      | 4511 ||| STAIRDANCE
  4590 | D:5      | 4590 ||| STAIRDANCE
  4598 | Temple   | Entered the Ecumenical Temple
  4640 | Temple   | 4640 ||| PLANNING OKAWARU WORSHIP
  4867 | Temple   | Became a worshipper of Warmaster Okawaru
  4867 | Temple   | 4867 ||| PLANNING D:1-11
  5477 | D:6      | 5477 ||| Stepping ~*~*~tactically~*~*~ (cloud).
  5480 | D:6      | Reached skill level 11 in Ranged Weapons
  5480 | D:6      | Reached XP level 9. HP: 73/79 MP: 8/8
  5512 | D:6      | Reached skill level 3 in Armour
  5527 | D:6      | Found a blossoming altar of Fedhas.
  5874 | D:6      | 5874 ||| READING 2 scrolls of identify.
  5874 | D:6      | 5874 ||| IDENTIFYING viscous emerald potion
  5875 | D:6      | 5875 ||| DROPPING potion of berserk rage.
  5905 | D:7      | Reached * piety under Okawaru
  5906 | D:7      | Reached skill level 6 in Dodging
  5938 | D:7      | Found Viuconit's Jewellery Shop.
  5940 | D:7      | Noticed Dowan
  5940 | D:7      | Noticed Duvessa
  5941 | D:7      | 5941 ||| INVOKING Heroism.
  5942 | D:7      | 5942 ||| Stepping ~*~*~tactically~*~*~ (outnumbered).
  5965 | D:7      | 5965 ||| SHOPLISTING +4 ring of protection (576 gold, have
                  | 353).
  5965 | D:7      | 5965 ||| SHOPLISTING +4 ring of slaying (1248 gold, have
                  | 353).
  5965 | D:7      | 5965 ||| SHOPLISTING +5 ring of evasion (576 gold, have
                  | 353).
  5965 | D:7      | 5965 ||| SHOPLISTING +6 ring of strength (576 gold, have
                  | 353).
  5998 | D:7      | 5998 ||| INVOKING Heroism.
  5999 | D:7      | 5999 ||| INVOKING Heroism.
  6030 | D:7      | 6030 ||| INVOKING Heroism.
  6042 | D:7      | Reached skill level 12 in Ranged Weapons
  6042 | D:7      | 6042 ||| INVOKING Heroism.
  6104 | D:7      | Reached skill level 1 in Invocations
  6126 | D:7      | 6126 ||| INVOKING Heroism.
  6202 | D:7      | Killed Duvessa
  6203 | D:7      | 6203 ||| INVOKING Heroism.
  6204 | D:7      | Killed Dowan
  6247 | D:7      | 6247 ||| READING scroll of enchant armour.
  6247 | D:7      | 6247 ||| ENCHANTING +0 cloak.
  6481 | D:8      | 6481 ||| READING scroll of enchant armour.
  6481 | D:8      | 6481 ||| ENCHANTING +1 cloak.
  6521 | D:8      | 6521 ||| INVOKING Heroism.
  6764 | D:8      | 6764 ||| INVOKING Heroism.
  6783 | D:8      | You fall into a shaft and drop 2 floors!
  6783 | D:10     | Entered Level 10 of the Dungeon
  6848 | D:9      | Reached XP level 10. HP: 88/88 MP: 9/11
  6851 | D:9      | Reached skill level 3 in Invocations
  6855 | D:9      | Reached skill level 13 in Ranged Weapons
  6861 | D:9      | 6861 ||| INVOKING Heroism.
  6868 | D:9      | Reached ** piety under Okawaru
  6872 | D:9      | Reached skill level 9 in Fighting
  6875 | D:9      | HP: 18/91 [yak (11)]
  6876 | D:9      | 6876 ||| READING 6 scrolls of teleportation.
  6877 | D:9      | 6877 ||| DRINKING 3 potions of heal wounds.
  6878 | D:9      | 6878 ||| DRINKING 2 potions of heal wounds.
  6879 | D:9      | 6879 ||| INVOKING Heroism.
  6883 | D:9      | 6883 ||| FLEEEEING.
  6915 | D:9      | 6915 ||| FLEEEEING.
  6916 | D:9      | 6916 ||| FLEEEEING.
  6921 | D:9      | 6921 ||| STAIRDANCE
  7023 | D:8      | 7023 ||| INVOKING Heroism.
  7211 | D:8      | 7211 ||| Stepping ~*~*~tactically~*~*~ (outnumbered).
  7213 | D:8      | 7213 ||| Stepping ~*~*~tactically~*~*~ (outnumbered).
  7215 | D:8      | 7215 ||| Stepping ~*~*~tactically~*~*~ (outnumbered).
  7217 | D:8      | 7217 ||| Stepping ~*~*~tactically~*~*~ (outnumbered).
  7298 | D:8      | Found Yrghefog's General Store.
  7301 | D:8      | 7301 ||| BUYING +3 ring mail of fire resistance (312 gold).
  7301 | D:8      | Bought a +3 ring mail of fire resistance for 312 gold
                  | pieces
  7301 | D:8      | 7301 ||| BUYING potion of curing (36 gold).
  7301 | D:8      | Bought a potion of curing for 36 gold pieces
  7313 | D:8      | Found a white marble altar of Elyvilon.
  7465 | D:8      | 7465 ||| UPGRADING to +3 ring mail of fire resistance.
  7475 | D:8      | 7475 ||| DROPPING +0 ring mail.
  7520 | D:9      | Found a hide-covered altar of Uskayaw.
  7633 | D:9      | Reached skill level 14 in Ranged Weapons
  7634 | D:9      | Reached *** piety under Okawaru
  7654 | D:9      | Found a staircase to the Lair.
  7667 | D:9      | Noticed Maurice
  7673 | D:9      | Killed Maurice
  7720 | D:9      | 7720 ||| INVOKING Heroism.
  7861 | D:9      | 7861 ||| Stepping ~*~*~tactically~*~*~ (outnumbered).
  7862 | D:9      | 7862 ||| Stepping ~*~*~tactically~*~*~ (outnumbered).
  7863 | D:9      | 7863 ||| INVOKING Heroism.
  7865 | D:9      | 7865 ||| Stepping ~*~*~tactically~*~*~ (outnumbered).
  7869 | D:9      | Reached XP level 11. HP: 99/99 MP: 10/13
  7869 | D:9      | 7869 ||| Stepping ~*~*~tactically~*~*~ (outnumbered).
  7986 | D:9      | Noticed Maggie
  7993 | D:9      | Killed Maggie
  8091 | D:9      | 8091 ||| PLANNING LAIR
  8091 | D:9      | 8091 ||| READING scroll labelled NUEXTA TEMIUMURGHA.
  8092 | D:9      | 8092 ||| READING scroll labelled LAIRGHE IMAPEIX.
  8112 | Lair:1   | Entered Level 1 of the Lair of Beasts
  8161 | Lair:1   | 8161 ||| INVOKING Heroism.
  8185 | Lair:1   | 8185 ||| INVOKING Heroism.
  8245 | Lair:1   | 8245 ||| INVOKING Heroism.
  8412 | Lair:1   | 8412 ||| INVOKING Heroism.
  8503 | Lair:1   | 8503 ||| INVOKING Heroism.
  8509 | Lair:1   | Reached skill level 15 in Ranged Weapons
  8519 | Lair:1   | Reached **** piety under Okawaru
  8941 | Lair:1   | 8941 ||| READING scroll labelled AHOBLUE VEMIT.
  8981 | Lair:2   | 8981 ||| PLANNING GAUNTLET
  8983 | Lair:2   | 8983 ||| STAIRDANCE
  9036 | Lair:2   | You fall into a shaft and drop 2 floors!
  9054 | Lair:3   | 9054 ||| INVOKING Heroism.
  9073 | Lair:3   | Noticed a four-headed hydra
  9074 | Lair:3   | 9074 ||| INVOKING Heroism.
  9080 | Lair:3   | Killed a four-headed hydra
  9097 | Lair:3   | Reached skill level 16 in Ranged Weapons
  9102 | Lair:3   | 9102 ||| INVOKING Heroism.
  9118 | Lair:3   | Received a gift from Okawaru
  9122 | Lair:3   | 9122 ||| INVOKING Heroism.
  9129 | Lair:3   | HP: 24/101 [bullfrog (7)]
  9130 | Lair:3   | 9130 ||| READING 6 scrolls of teleportation.
  9131 | Lair:3   | 9131 ||| DRINKING 3 potions of heal wounds.
  9140 | Lair:3   | Reached skill level 6 in Invocations
  9370 | Lair:3   | Reached XP level 12. HP: 110/110 MP: 15/15
  9389 | Lair:3   | Found a runed translucent door.
  9411 | Lair:3   | Noticed a catoblepas
  9412 | Lair:3   | 9412 ||| INVOKING Heroism.
  9417 | Lair:3   | 9417 ||| Stepping ~*~*~tactically~*~*~ (cloud).
  9418 | Lair:3   | 9418 ||| Stepping ~*~*~tactically~*~*~ (cloud).
  9421 | Lair:3   | Killed a catoblepas
  9437 | Lair:3   | Reached ***** piety under Okawaru
  9440 | Lair:3   | Reached skill level 9 in Dodging
  9507 | Lair:2   | 9507 ||| INVOKING Heroism.
  9543 | Lair:2   | 9543 ||| RIP GAUNTLET
  9617 | Lair:2   | 9617 ||| PLANNING LAIR
  9719 | Lair:2   | Identified the +5 triple sword of Watchfulness {speed,
                  | Dex+4} (Okawaru gifted it to you on level 2 of the Lair of
                  | Beasts)
  9719 | Lair:2   | Received a gift from Okawaru
 10143 | Lair:2   | 10143 ||| INVOKING Heroism.
 10144 | Lair:2   | 10144 ||| INVOKING Finesse.
 10157 | Lair:2   | Paralysed by a floating eye for 3 turns
 10165 | Lair:2   | 10165 ||| INVOKING Finesse.
 10166 | Lair:2   | Paralysed by a floating eye for 2 turns
 10170 | Lair:2   | 10170 ||| INVOKING Heroism.
 10172 | Lair:2   | Paralysed by a floating eye for 4 turns
 10196 | Lair:2   | 10196 ||| INVOKING Heroism.
 10434 | Lair:2   | 10434 ||| INVOKING Heroism.
 10512 | Lair:2   | Found a glowing golden altar of the Shining One.
 10524 | Lair:2   | Reached skill level 9 in Invocations
 10653 | Lair:2   | Found a staircase to the Shoals.
 10712 | Lair:2   | 10712 ||| READING scroll labelled FAYHICZUEB HARUMP.
 10713 | Lair:2   | 10713 ||| READING 2 scrolls of identify.
 10713 | Lair:2   | 10713 ||| IDENTIFYING sapphire potion
 10714 | Lair:2   | 10714 ||| DRINKING potion of experience.
 10714 | Lair:2   | Reached skill level 17 in Ranged Weapons
 10714 | Lair:2   | Reached XP level 13. HP: 116/116 MP: 17/19
 10748 | Lair:3   | 10748 ||| INVOKING Heroism.
 10761 | Lair:3   | 10761 ||| STAIRDANCE
 10765 | Lair:2   | HP: 20/116 [death yak (12)]
 10766 | Lair:2   | 10766 ||| READING 5 scrolls of teleportation.
 10767 | Lair:2   | 10767 ||| DRINKING 2 potions of heal wounds.
 10986 | Lair:2   | 10986 ||| INVOKING Heroism.
 11055 | Lair:3   | Reached skill level 18 in Ranged Weapons
 11057 | Lair:3   | Found a hole to the Spider Nest.
 11066 | Lair:3   | 11066 ||| INVOKING Heroism.
 11200 | Lair:3   | 11200 ||| INVOKING Heroism.
 11509 | Lair:3   | 11509 ||| INVOKING Heroism.
 11580 | Lair:3   | Noticed qw's ghost (journeyman MiHu)
 11617 | Lair:3   | Reached skill level 12 in Fighting
 11704 | Lair:4   | 11704 ||| INVOKING Heroism.
 11707 | Lair:4   | Reached XP level 14. HP: 126/126 MP: 17/20
 11888 | Lair:4   | 11888 ||| INVOKING Heroism.
 11895 | Lair:4   | HP: 29/126 [blink frog (6)]
 11896 | Lair:4   | 11896 ||| READING 5 scrolls of teleportation.
 11897 | Lair:4   | 11897 ||| DRINKING potion of heal wounds.
 12018 | Lair:4   | 12018 ||| INVOKING Heroism.
 12248 | Lair:4   | 12248 ||| INVOKING Heroism.
 12336 | Lair:4   | 12336 ||| INVOKING Heroism.
 12635 | Lair:4   | Reached skill level 6 in Armour
 12781 | Lair:4   | 12781 ||| DROPPING ring of ice.
 12831 | Lair:5   | Entered Level 5 of the Lair of Beasts
 13029 | Lair:5   | 13029 ||| INVOKING Heroism.
 13032 | Lair:5   | HP: 32/129 [skyshark (5)]
 13033 | Lair:5   | 13033 ||| READING 5 scrolls of teleportation.
 13035 | Lair:5   | HP: 1/129 [skyshark (21)]
 13035 | Lair:5   | Mangled by an elephant

Levels and vault maps discovered:
D:1:      amcnicky_arrival_double_pillar, layout_loops_ring,
          ebering_ecumenical_altar_abandoned, roderic_lattice_a
D:2:      layout_loops_ring, minivault_4, kennysheep_flooded_box,
          minmay_misc_feat_rows, chequers_serial_rivers_room_b,
          minmay_tiny_reverse_x
D:3:      layout_basic, nicolae_tso_besieged_by_evil,
          wander_ebering_terrifying_dragon_lair, uniq_ijyb
D:4:      layout_gridville, lemuel_crystal_altar,
          nicolae_overflow_two_pavilions, minmay_temple_entry_from_below_a,
          nicolae_ossuary_entry_monument, cheibrodos_sewer_entry_sluice,
          dilly_guarded_unrand_morg
D:5:      nicolae_cairo_tiling_large_dashed, layout_basic, serial_aquarium,
          aquarium_bridge_square [aquarium_subvault_balcony,
          aquarium_subvault_window, aquarium_subvault_window,
          aquarium_subvault_bridge], aquarium_window_fake, aquarium_window_fake,
          aquarium_window_2, aquarium_view_2a, aquarium_balcony_3b
D:6:      layout_basic, mainiacjoe_overflow_alcove_4
D:7:      layout_rooms, minmay_shop_enchanted_jewellery, minmay_liquid_box,
          uniq_duvessa
D:8:      layout_loops_ring, elyvilon_altar_5, serial_shops,
          nicolae_shop_real_fake_doors
D:9:      layout_cave_pools, nicolae_uskayaw_dance_hall,
          minmay_lair_entry_grove, uniq_maurice, uniq_maggie
D:10:     layout_roguey, mainiacjoe_overflow_alcove_2, lightli_fourway_metalbox
Temple:   minmay_temple_curvy_branch
Lair:1:   layout_regular_city, pdpol_lair_neglected_garden, serial_bayou_shore_a
Lair:2:   layout_cave_pods, minmay_shoals_entry_hut, basic_altar,
          gauntlet_entry_generic, disabler_island
Lair:3:   layout_hall_layers, nicolae_spider_entry_lesser_pyramids,
          ebering_ghost_reflecting_pool, beast_lair_carwin_7
Lair:4:   layout_misc_corridors, portal_ice_cave_rime, grunt_megastairs_1
Lair:5:   grunt_lair_end_beastmaster, layout_misc_corridors, slime_entry_1,
          columned_hall_lemuel, lemuel_fruit_fields

Skill      XL: |  1  2  3  4  5  6  7  8  9 10 11 12 13 14 |
---------------+-------------------------------------------+-----
Ranged Weapons | 5 6 7 8 9 11 12 14 16 17 18 | 18.0
Fighting       | 3 4 5 7 8 10 11 12 13 | 13.1
Armour         | 1 2 3 4 5 6 |  6.0
Dodging        | 3 4 5 6 7 8 9 11 | 11.0
Invocations    | 2 4 6 10 | 10.3
Stealth        | |  0.7

Action                     |  1- 3 |  4- 6 |  7- 9 | 10-12 | 13-15 || total
---------------------------+-------+-------+-------+-------+-------++-------
   Fire: Shortbow          |    95 |       |       |       |       ||    95
         Arbalest          |    14 |   145 |   205 |   433 |   233 ||  1030
 Invoke: Heroism           |       |       |     8 |    20 |    11 ||    39
         Finesse           |       |       |       |     2 |       ||     2
    Use: Scroll            |     3 |     7 |     6 |     7 |     3 ||    26
         Potion            |       |     9 |     4 |     4 |     2 ||    19
 Armour: Leather armour    |    12 |       |       |       |       ||    12
         Ring mail         |       |     8 |    27 |    73 |    50 ||   158
  Dodge: Dodged            |    24 |    21 |    90 |   276 |   173 ||   584
  Block: Other             |     4 |    10 |    22 |    77 |    43 ||   156
         Reflection        |       |     2 |     1 |     2 |       ||     5

Table legend:
 A = Non-vault XP
 B = Vault XP
 C = Vault XP percentage of total XP
 D = Non-vault monster count
 E = Vault monster count
 F = Vault count percentage of total count
                 A         B        C        D         E       F
            +---------+---------+-------+---------+---------+-------
      Total |   42148 |   12100 |  22.3 |     288 |     107 |  27.1
            +---------+---------+-------+---------+---------+-------
        D:1 |      73 |       0 |   0.0 |      34 |       0 |   0.0
        D:2 |      27 |       2 |   6.9 |       7 |       2 |  22.2
        D:3 |      15 |      94 |  86.2 |       9 |      12 |  57.1
        D:4 |     165 |     147 |  47.1 |      15 |      11 |  42.3
        D:5 |    1454 |       0 |   0.0 |      17 |       0 |   0.0
        D:6 |     742 |       0 |   0.0 |       9 |       0 |   0.0
        D:7 |    1488 |     211 |  12.4 |      21 |       2 |   8.7
        D:8 |    1606 |       0 |   0.0 |      35 |       0 |   0.0
        D:9 |    1674 |    3251 |  66.0 |      24 |      15 |  38.5
     Lair:1 |    4865 |       0 |   0.0 |      22 |       0 |   0.0
     Lair:2 |    7387 |    2114 |  22.3 |      27 |       5 |  15.6
     Lair:3 |   10485 |    4568 |  30.3 |      27 |      22 |  44.9
     Lair:4 |    8984 |    1188 |  11.7 |      33 |       4 |  10.8
     Lair:5 |    3183 |       0 |   0.0 |       8 |       0 |   0.0
      Sewer |       0 |     400 | 100.0 |       0 |      22 | 100.0
    Ossuary |       0 |     125 | 100.0 |       0 |      12 | 100.0
            +---------+---------+-------+---------+---------+-------
